Map: Lerilak Crest

Players

LilDicky - Winner!

  • Race: Terran Terran
  • League: Diamond

gdoggcasey

  • Race: Zerg Zerg
  • League: Diamond

VOD

http://www.twitch.tv/tumescentpie

Description

Time

  • Played on: Dec. 11, 2015, 2:16 a.m.
  • Length: 7:44
Show
View Real Time Build Order
Export as new Build Order

LilDicky Terran - Winner!

Build Orders: Liberator Opening, Reaper Expand 

Get SALT Encoding   

  12  0:01  SCV  
  13  0:13  SCV  
  14  0:19  Supply Depot  
  14  0:25  SCV  
  15  0:40  SCV, Refinery  
  16  0:45  Barracks  
  16  0:52  SCV  
  17  1:04  SCV  
  18  1:17  SCV  
  19  1:31  Orbital Command  
  19  1:39  Command Center  
  19  1:41  Reaper  
  20  1:50  Supply Depot  
  20  1:57  SCV  
  21  2:07  Refinery  
  21  2:09  SCV  
  21  2:14  Factory  
  22  2:17  Marine  
  22  2:21  SCV  
  24  2:34  SCV  
  24  2:35  Marine  
  26  2:53  Refinery  
  26  2:55  Marine  
  27  3:08  Starport  
  27  3:09  Armory, Orbital Command  
  27  3:11  SCV  
  28  3:13  Marine  
  29  3:31  Marine  
  29  3:33  Factory Tech Lab  
  30  3:43  Liberator  
  30  3:48  Marine  
  30  3:53  SCV  
  34  3:55  Thor  
  34  3:57  SCV  
  42  4:05  SCV  
  42  4:07  Barracks  
  44  4:13  Refinery  
  44  4:14  SCV, Marine  
  45  4:24  SCV  
  45  4:26  Supply Depot  
  45  4:30  Liberator  
  46  4:37  Supply Depot  
  46  4:47  SCV, Marine  
  46  4:51  SCV  
  52  4:56  Marine  
  52  4:59  Thor  
  59  5:01  Supply Depot  
  59  5:09  SCV x2  
  59  5:10  Supply Depot  
  59  5:13  Liberator  
  61  5:21  SCV  
  61  5:24  Marine x2  
  63  5:29  SCV  
  63  5:33  SCV  
  68  5:42  Marine x2  
  69  6:13  Liberator  
  69  6:19  Marine x2  
  71  6:28  Thor  
  80  6:33  Command Center  
  80  6:37  Marine x2  
  74  6:55  Marine  
  69  7:19  Marine x2  
  64  7:24  SCV x2  
Show
View Real Time Build Order
Export as new Build Order

gdoggcasey Zerg 

Build Orders: Hatch First 

Get SALT Encoding   

  12  0:01  Drone  
  13  0:15  Overlord  
  14  0:21  Drone  
  14  0:35  Drone x2  
  16  0:39  Drone  
  17  0:55  Hatchery  
  16  0:59  Drone  
  17  1:11  Spawning Pool  
  17  1:15  Drone  
  17  1:17  Drone  
  18  1:22  Drone  
  18  1:24  Extractor  
  18  1:31  Overlord  
  18  1:53  Drone  
  19  1:54  Overlord  
  19  2:07  Queen x2  
  23  2:12  Drone  
  23  2:13  Zergling x2  
  25  2:19  Zergling x2  
  26  2:24  Metabolic Boost  
  26  2:29  Drone x3  
  29  2:38  Drone  
  30  2:50  Queen x2  
  34  3:04  Drone x2  
  34  3:05  Drone x3  
  39  3:10  Drone  
  40  3:17  Drone  
  40  3:18  Baneling Nest  
  37  3:50  Lair  
  37  3:59  Drone x5  
  37  4:00  Drone  
  37  4:02  Extractor x2  
  41  4:05  Hatchery  
  41  4:06  Extractor  
  41  4:07  Drone x3  
  41  4:08  Evolution Chamber  
  41  4:09  Evolution Chamber, Drone  
  41  4:11  Drone  
  41  4:14  Drone  
  43  4:26  Overlord x2  
  43  4:30  Zergling x2  
  44  4:36  Zerg Melee Weapons Level 1  
  44  4:46  Zerg Ground Armor Level 1  
  44  4:49  Overlord x3  
  44  5:03  Drone x6  
  50  5:12  Spire  
  49  5:32  Drone x4  
  49  5:35  Centrifical Hooks  
  53  5:40  Drone x2  
  53  5:41  Drone x5  
  59  5:50  Zergling x10  
  60  5:59  Zergling x2  
  60  6:00  Zergling x2  
  61  6:05  Zergling x2  
  61  6:10  Zergling x10  
  68  6:13  Baneling  
  68  6:14  Baneling x6  
  47  6:45  Zergling x6  
  36  7:37  Spore Crawler  
Tags
 
Add a new tag
Caveats
  • Supply blocks, unpowered buildings, or Contaminate may cause inaccurate times.
  • Supply counts are checked every 10 seconds.